 Dungeon Crawl Stone Soup version 0.32-a0-720-g1d96ad0 (webtiles) character file.

Game seed: 12773106912917322388

209 PidgeyThePirate the Shooter (level 5, -1/36 (39) HPs)
             Began as a Coglin Hunter on Mar 16, 2024.
             Slain by an orc wizard
             ... wielding a +0 dagger of draining
              (3 damage)
             ... on level 3 of the Dungeon.
             The game lasted 00:04:33 (1456 turns).

PidgeyThePirate the Shooter (Coglin Hunter)         Turns: 1456, Time: 00:04:33

HP:   -1/36 (39)    AC:  3    Str: 13    XL:     5   Next: 87%
MP:   5/5           EV: 11    Int:  9    God:
Gold: 123           SH:  0    Dex: 17    Spells: 4/4 levels left

rFire   . . .        a - +2 sling {Kendra}
rCold   . . .        d - +0 sling {Ximena}
rNeg    . . .        c - +0 leather armour
rPois   .            (no helmet)
rElec   .            (no cloak)
rCorr   .            (no gloves)
SInv    .            (no boots)
Will    .....        (amulet unavailable)
Stlth   +            (ring unavailable)
HPRegen 0.26/turn    (ring unavailable)
MPRegen 0.09/turn    (no gizmo)

%: no passive effects
@: confused, on berserk cooldown, slowed, drained, revved, very slow
A: off-hand wielding, slow wielding, warmup strikes, no jewellery
a: Invent Gizmo


You were on level 3 of the Dungeon.
You visited 1 branch of the dungeon, and saw 3 of its levels.

You collected 134 gold pieces.
You spent 11 gold pieces at shops.

Inventory:

Hand Weapons
 a - a +2 sling (weapon) {Kendra}
 d - a +0 sling (offhand) {Ximena}
Armour
 c - a +0 leather armour (worn)
Wands
 o - a wand of iceblast (12)
Scrolls
 b - a scroll of teleportation {unknown}
 f - 2 scrolls of poison {unknown}
 g - 2 scrolls of identify {unknown}
 h - 3 scrolls of revelation {unknown}
 j - 2 scrolls of fear {unknown}
 k - a scroll of immolation {unknown}
 l - a scroll of fog {unknown}
 m - a scroll of acquirement {unknown}
Potions
 i - a potion of haste {unknown}
 n - a potion of heal wounds {unknown}
 p - a potion of lignification {unknown}


   Skills:
 + Level 2.3 Fighting
 * Level 6.0 Ranged Weapons
 + Level 0.7 Armour
 + Level 1.8 Dodging
 - Level 0.7 Stealth


You had 4 spell levels left.
You didn't know any spells.
Your spell library contained the following spells:

 Spells                   Type           Power      Damage    Failure   Level
 Blink                    Tloc           0%         N/A       61%         2
 Lesser Beckoning         Tloc           0%         N/A       61%         2
 Momentum Strike          Conj/Tloc      0%         3d8       61%         2
 Leda's Liquefaction      Alch/Erth      0%         N/A       99%         4
 Petrify                  Alch/Erth      0%         N/A       99%         4
 Metabolic Englaciation   Hex/Ice        0%         N/A       100%        5


Dungeon Overview and Level Annotations

Branches:
Dungeon (3/15)

Altars:
Dithmenos

Shops:
D:2 *

Annotations:
D:3 Natasha


Innate Abilities, Weirdness & Mutations

You can wield a second weapon in your off-hand.
It takes a long time for you to wield or remove held weapons.
Your first few attacks do less damage.
You cannot equip rings or amulets.


Message History

A red film seems to cover your vision as you go berserk!
You feel yourself moving faster!
You feel mighty!
The bombardier beetle sprays incendiary fluid at you.
The burning spray hits you.
You are covered in liquid fire!
The orc wizard hits you but does no damage.
You feel drained. The cerulean imp barely misses you.
You bump into the rock wall.
You feel a strong urge to attack something.
The liquid fire burns you!
* * * LOW HITPOINT WARNING * * *
You bump into the rock wall.
The liquid fire burns you!
* * * LOW HITPOINT WARNING * * *
The orc wizard closely misses you.
The cerulean imp hits you from afar with a +2 spear.
* * * LOW HITPOINT WARNING * * *
The bombardier beetle bites you.
* * * LOW HITPOINT WARNING * * *
You shake off some of the fire as you move.
You feel your anger nearly subside. The liquid fire burns you!
* * * LOW HITPOINT WARNING * * *
You shake off the liquid fire.
You are no longer berserk.
You are exhausted.
You feel yourself slow down.
You see here an amulet of magic regeneration.
You clumsily bash the bombardier beetle but do no damage. x2
You feel less confused.
The bombardier beetle barely misses you.
The orc wizard points at you and mumbles some strange words.
You are confused.
Natasha wildly gestures.
You feel disoriented. The bombardier beetle bites you.
* * * LOW HITPOINT WARNING * * *
Natasha mumbles some strange words.
The orc wizard hits you with a +0 dagger of draining.
You die...

##### #..........#
#..........# #####
###..........# . )....
............# #). #####
#..........###...#
#########.................
(........................#
##### ###.)......B##.....#
####..†......@ooh5#
####..)...##########5#
.<......### .. ###..####
.# # ##.# # ####...
..###### ......####
..###....########


You could see a bombardier beetle, an orc wizard, Natasha, 2 cerulean imps and
an orc.

Vanquished Creatures
  An orc priest (D:3)
  3 orc wizards
  Robin (D:3)
  2 ribbon worms (D:2)
  3 dart slugs
  7 orcs
  8 ball pythons
  5 endoplasms
  A giant cockroach (D:2)
  7 hobgoblins
  10 jackals (D:1)
  A quokka (D:3)
  3 bats
  5 frilled lizards
  7 goblins
  6 kobolds
  3 rats
73 creatures vanquished.

Notes
Turn   | Place    | Note
-------+----------+-------------------------------------------
     0 | D:1      | PidgeyThePirate the Coglin Hunter began the quest for the
                  | Orb.
     0 | D:1      | Reached XP level 1. HP: 16/16 MP: 1/1
    53 | D:1      | Reached skill level 4 in Ranged Weapons
    53 | D:1      | Reached XP level 2. HP: 22/22 MP: 2/2
   296 | D:1      | Reached XP level 3. HP: 27/27 MP: 3/3
   417 | D:1      | Found a faded altar of an unknown god.
   718 | D:2      | Found Unexixumm's General Store.
   727 | D:2      | Bought a potion of degeneration for 11 gold pieces
   746 | D:2      | Reached skill level 5 in Ranged Weapons
   746 | D:2      | Reached XP level 4. HP: 33/33 MP: 4/4
  1107 | D:3      | Noticed Robin
  1234 | D:3      | Killed Robin
  1320 | D:3      | Found a shadowy altar of Dithmenos.
  1327 | D:3      | Reached XP level 5. HP: 38/38 MP: 5/5
  1446 | D:3      | Reached skill level 6 in Ranged Weapons
  1446 | D:3      | Noticed Natasha
  1456 | D:3      | Slain by an orc wizard

Illustrated notes

Levels and vault maps discovered:
D:1:      lordsloth_arrival_two_stooges, layout_basic,
          shapermc_ecumenical_altar_hornbeckon
D:2:      layout_basic, serial_shops, nicolae_shop_crystal
D:3:      layout_rooms, nicolae_dithmenos_the_darkroom, tgw_sif, uniq_robin,
          uniq_natasha, uniq_jessica

Skill      XL: |  1  2  3  4  5 |
---------------+----------------+-----
Ranged Weapons | 4 5 6 |  6.0
Fighting       | |  2.3
Armour         | |  0.7
Dodging        | |  1.8
Stealth        | |  0.7

Action                     |  1- 3 |  4- 6 || total
---------------------------+-------+-------++-------
  Melee: Sling             |       |     2 ||     2
   Fire: Sling             |   138 |   176 ||   314
    Use: Scroll            |       |     1 ||     1
         Potion            |       |     1 ||     1
 Armour: Leather armour    |    10 |    33 ||    43
  Dodge: Dodged            |     7 |    25 ||    32

Table legend: (Time is in decaauts)
 A = Elapsed time spent in this place.
 B = Non-inter-level travel time spent in this place.
 C = Inter-level travel time spent in this place.
 D = Time resting spent in this place.
 E = Time spent auto-exploring this place.
 F = Levels seen in this place.
 G = Mean time per level.
                   A        B        C        D        E       F      G
               +--------+--------+--------+--------+--------+-----+--------+
         Total |   1494 |   1437 |     57 |      0 |   1125 |   3 |  498.0 |
       Dungeon |   1494 |   1437 |     57 |      0 |   1125 |   3 |  498.0 |
               +--------+--------+--------+--------+--------+-----+--------+

Top non-repeatable levels by time:
     D:2: 619 daAuts
     D:1: 549 daAuts
     D:3: 324 daAuts
